 Dungeon Crawl Stone Soup version 0.29-a0-721-g7f417c9bbb (webtiles) character file.

Game seed: 6297894123480495827

303 avis the Shooter (level 6, 52/52 HPs)
             Began as a Hill Orc Hunter on June 28, 2022.
             Got out of the dungeon alive.
             The game lasted 00:17:24 (3595 turns).

avis the Shooter (Hill Orc Hunter)                  Turns: 3595, Time: 00:17:24

Health: 52/52      AC:  7    Str: 14    XL:     6   Next: 38%
Magic:  6/6        EV: 12    Int:  9    God:
Gold:   354        SH:  0    Dex: 16    Spells: 5/5 levels left

rFire   . . .      SeeInvis .   a - +0 shortbow
rCold   . . .      Faith    .   (shield currently unavailable)
rNeg    + . .      Spirit   .   G - +1 robe {rN+}
rPois   .          Reflect  .   (no helmet)
rElec   .          Harm     .   (no cloak)
rCorr   .          Rampage  .   (no gloves)
Will    +....                   (no boots)
Stlth   ++........              (no amulet)
HPRegen 0.17/turn               d - ring of willpower
MPRegen 0.10/turn               w - +4 ring of protection

@: no status effects
A: no striking features
a: no special abilities


You escaped.
You visited 1 branch of the dungeon, and saw 4 of its levels.

You collected 354 gold pieces.

Inventory:

Hand Weapons
 a - a +0 shortbow (weapon)
 o - a +0 dagger of venom
 q - a +0 sling
 s - a +0 glaive
 t - a +0 trident
 y - a +1 whip of electrocution
 z - a +0 hand axe
 A - a +1 falchion of holy wrath
 C - a +0 spear
 D - a +0 long sword
 F - a +0 broad axe
 J - a +0 eveningstar
Missiles
 B - 4 javelins
Armour
 c - a +0 leather armour
 l - a +0 plate armour
 G - a +1 robe of positive energy (worn)
 H - an orb of wrath
Jewellery
 d - a ring of willpower (left hand)
 j - a ring of protection from fire
 v - a ring of see invisible
 w - a +4 ring of protection (right hand)
Wands
 n - a wand of mindburst (4)
 x - a wand of light (6)
Scrolls
 b - 2 scrolls of immolation
 g - 2 scrolls of enchant armour {unknown}
 i - 4 scrolls of teleportation {unknown}
 u - 3 scrolls of identify {unknown}
 E - a scroll of noise {unknown}
Potions
 e - 2 potions of brilliance {unknown}
 f - 3 potions of haste {unknown}
 h - a potion of heal wounds {unknown}
 k - 3 potions of might {unknown}
 m - a potion of curing {unknown}
 p - a potion of attraction {unknown}
 r - a potion of degeneration {unknown}
 I - a potion of lignification {unknown}


   Skills:
 - Level 4.0 Fighting
 + Level 0.7 Axes
 * Level 6.3 Ranged Weapons
 - Level 1.5 Dodging
 - Level 0.7 Stealth


You had 5 spell levels left.
You didn't know any spells.
Your spell library contained the following spells:

 Spells                   Type           Power      Damage    Failure   Level
 Sandblast                Erth           0%         2d4       38%         1
 Blink                    Tloc           0%         N/A       52%         2
 Passwall                 Tmut/Erth      0%         N/A       52%         2
 Conjure Flame            Conj/Fire      0%         6-21      77%         3
 Ignite Poison            Fire/Tmut/Pois 0%         N/A       77%         3
 Lesser Beckoning         Tloc           0%         N/A       77%         3
 Stone Arrow              Conj/Erth      0%         3d7       77%         3
 Sticky Flame             Conj/Fire      0%         2d3       99%         4
 Manifold Assault         Tloc           0%         N/A       100%        5
 Conjure Ball Lightning   Conj/Air       0%         3x3d6     100%        6
 Discord                  Hex            0%         N/A       100%        8
 Disjunction              Tloc           0%         N/A       100%        8


Dungeon Overview and Level Annotations

Branches:
Dungeon (4/15)
 Temple: D:4-7

Altars:
Wu Jian
Zin
The Shining One

Shops:
D:2 :   D:4 ([?:


Message History

You shoot an arrow. The arrow hits the endoplasm!
You kill the endoplasm!
Found a club.
Found Pattocvi's Weapon Boutique.
There is an entrance to Pattocvi's Weapon Boutique here.
You can access your shopping list by pressing '$'.
You see here a human corpse.
There is a shaft here.
Found an escape hatch in the ceiling.
Found an escape hatch in the floor.
Found two stone staircases leading down.
g - 2 scrolls labelled WAATOYXUNA (gained 1)
You now have 354 gold pieces (gained 18).
There is a stone staircase leading down here.
There is an escape hatch in the floor here.
I - a viscous clear potion An endoplasm comes into view.
Found an eveningstar.
The endoplasm quivers.
Fire: a) +0 shortbow
Press: ? - help, Q - select action, (/) - cycle Shift-Dir - straight line, f - endoplasm
Aim: an endoplasm (87% to hit)
You shoot an arrow. The arrow hits the endoplasm!
You kill the endoplasm!
You see here a +0 eveningstar.
J - a +0 eveningstar
(D) Dungeon
Where to? (Enter - D:3 @ (x,y), ? - help)
What level of the Dungeon? (default 1, ? - help)
There is an escape hatch in the ceiling here.
A mysterious force pulls you upwards. The hatch slams shut behind you.
There is a stone staircase leading up here.
You climb upwards.
There is a stone staircase leading down here.
There is a stone staircase leading up here.
You climb upwards.
There is a stone staircase leading down here.
There is an open door here.
There is a staircase leading out of the dungeon here.
Are you sure you want to leave the Dungeon?
This will make you lose the game!
You have escaped!

#.# ###### #^........#..###.#
#.# #....###########...##..#..#
#.####.####≈≈≈≈≈≈≈≈≈###.###...##
#......# # ≈≈≈≈≈≈°≈≈≈##.# #####
#####..# #≈≈≈#≈≈≈≈#≈≈##.#
#..###≈≈≈≈≈≈≈≈≈≈≈##.# #....#≈≈≈
≈≈≈≈≈○≈##.# ####
#.##.##############.# #...
#.##..+....@....'...# #.##
#.################.## #.#
#.####≈≈≈ ≈≈§≈≈≈≈#.# ####.##
#.##.#≈≈○≈≈≈≈≈≈≈≈#.###......
#.#..#≈≈≈#≈°≈≈#☼≈#..##.#####
#..#.# ≈≈≈≈≈≈≈○≈≈#..##.#
###....# ○≈≈≈≈≈≈≈≈##..##.#
#....#>############......#####
#.###...# #.#............


There were no monsters in sight!

Vanquished Creatures
  An ogre (D:4)
  Blork the orc (D:4)
  A hound (D:4)
  3 adders
  3 gnolls (D:4)
  4 dart slugs
  4 orcs (D:3)
  7 endoplasms
  2 giant cockroaches (D:1)
  4 hobgoblins
  3 jackals (D:2)
  8 kobolds
  5 quokkas
  4 bats
  2 frilled lizards
  5 goblins
  8 rats
65 creatures vanquished.

Notes
Turn   | Place    | Note
-------+----------+-------------------------------------------
     0 | D:1      | avis the Hill Orc Hunter began the quest for the Orb.
     0 | D:1      | Reached XP level 1. HP: 18/18 MP: 1/1
   172 | D:1      | Reached XP level 2. HP: 21/25 MP: 2/2
   265 | D:1      | Reached skill level 4 in Ranged Weapons
   470 | D:1      | Found a faded altar of an unknown god.
   740 | D:2      | Found Robbousk's Book Shop.
   800 | D:2      | Reached XP level 3. HP: 29/31 MP: 3/3
  1172 | D:2      | Found a glowing silver altar of Zin.
  1424 | D:2      | Reached XP level 4. HP: 35/38 MP: 4/4
  2374 | D:3      | Found an ornate altar of the Wu Jian Council.
  2627 | D:4      | Found Xaloog's Armour Shop.
  2654 | D:4      | Noticed an ogre
  2663 | D:4      | Killed an ogre
  2664 | D:4      | Reached skill level 5 in Ranged Weapons
  2664 | D:4      | Reached XP level 5. HP: 10/46 MP: 5/5
  2951 | D:4      | Noticed Blork the orc
  2964 | D:4      | Killed Blork the orc
  2965 | D:4      | Reached skill level 6 in Ranged Weapons
  2965 | D:4      | Reached XP level 6. HP: 23/52 MP: 6/6
  3143 | D:4      | Found Erpheimew's Distillery.
  3158 | D:4      | Found Poffagump's Book Shop.
  3260 | D:4      | Found Vawepn Catye's Magic Scroll Boutique.
  3281 | D:4      | Found a glowing golden altar of the Shining One.
  3381 | D:4      | Found Pattocvi's Weapon Boutique.
  3595 | D:$      | Got out of the dungeon alive.

Illustrated notes

Levels and vault maps discovered:
D:1:      saegor_arrival_miasma, layout_loops_ring,
          shapermc_ecumenical_altar_acropolis, serial_bayou_pond_e,
          chequers_serial_rivers_marsh
D:2:      kennysheep_big_flooded_room, layout_basic, basic_altar, serial_shops,
          nicolae_square_shop, minmay_rat_gold_closets
D:3:      layout_basic, nzn_wu_jian_council_hall
D:4:      layout_loops_ring, old_standard_altar, serial_shops,
          nicolae_shop_behind_doors, nicolae_shop_bloodbath_and_beyond,
          nicolae_shop_trees, nicolae_shop_hallway_stairs, shop_statue,
          uniq_blork_the_orc

Skill      XL: |  1  2  3  4  5 |
---------------+----------------+-----
Ranged Weapons | 4 5 6 |  6.3
Fighting       | 3 4 |  4.0
Axes           | |  0.7
Dodging        | |  1.5
Stealth        | |  0.7

Action                   |  1- 3 |  4- 6 || total
-------------------------+-------+-------++-------
 Fire: Shortbow          |    86 |   117 ||   203
Armor: Leather armour    |    15 |    13 ||    28
       Robe              |       |     9 ||     9
Dodge: Dodged            |    22 |    47 ||    69

Table legend: (Time is in decaauts)
 A = Elapsed time spent in this place.
 B = Non-inter-level travel time spent in this place.
 C = Inter-level travel time spent in this place.
 D = Time resting spent in this place.
 E = Time spent auto-exploring this place.
 F = Levels seen in this place.
 G = Mean time per level.
                   A        B        C        D        E       F      G
               +--------+--------+--------+--------+--------+-----+--------+
         Total |   3655 |   3333 |    322 |    580 |   2133 |   4 |  913.8 |
       Dungeon |   3655 |   3333 |    322 |    580 |   2133 |   4 |  913.8 |
               +--------+--------+--------+--------+--------+-----+--------+

Top non-repeatable levels by time:
     D:2: 1109 daAuts
     D:4: 930 daAuts
     D:3: 852 daAuts
     D:1: 762 daAuts
